 Dungeon Crawl Stone Soup version 0.28-a0-1510-gd0f6b136d3 (webtiles) character file.

Game seed: 16630867956863603716

3089 fragbeetle the Frost Mage (level 9, -5/71 HPs)
             Began as a Merfolk Ice Elementalist on Jan 15, 2022.
             Was an Initiate of Gozag.
             Slain by a cyclops (19 damage)
             ... in a volcano.
             The game lasted 00:25:54 (10906 turns).

fragbeetle the Frost Mage (MfIE)                   Turns: 10906, Time: 00:25:54

Health: -5/71      AC: 13    Str: 11    XL:     9   Next: 89%
Magic:  11/16      EV: 13    Int: 16    God:    Gozag
Gold:   778        SH:  0    Dex: 14    Spells: 11/18 levels left

rFire   . . .      SeeInvis .   u - +5 dagger
rCold   + . .      Faith    .   (no shield)
rNeg    . . .      Spirit   .   D - +4 ring mail
rPois   .          Reflect  .   (no helmet)
rElec   .          Harm     .   (no cloak)
rCorr   .          Rampage  .   (no gloves)
Will    +....                   (no boots)
Stlth   ++........              (no amulet)
HPRegen 0.21/turn               k - ring of protection from cold
MPRegen 0.15/turn               g - ring of willpower

@: ice-armoured, freezing walls
A: (nimble swimmer 2), mertail
a: Renounce Religion, Potion Petition, Call Merchant, Bribe Branch


You were in a volcano.
You worshipped Gozag.
Gozag was pleased with you.
You visited 3 branches of the dungeon, and saw 10 of its levels.
You also visited: Volcano.

You collected 857 gold pieces.
You spent 45 gold pieces at shops.
You paid 34 gold pieces to Gozag.

Inventory:

Hand Weapons
 u - a +5 dagger (weapon)
Missiles
 c - 193 stones
 f - 17 poisoned darts
 n - a throwing net
 r - 6 boomerangs of dispersal
 E - 5 boomerangs
Armour
 D - a +4 ring mail (worn)
Jewellery
 g - a ring of willpower (right hand)
 k - a ring of protection from cold (left hand)
Wands
 C - a wand of iceblast (1)
Scrolls
 b - 3 scrolls of enchant armour
 d - a scroll of acquirement {unknown}
 h - 3 scrolls of teleportation
 i - 3 scrolls of enchant weapon
 j - a scroll of magic mapping {unknown}
 l - a scroll of vulnerability {unknown}
 t - 2 scrolls of noise {unknown}
 w - a scroll of silence {unknown}
 y - a scroll of fear {unknown}
 B - 2 scrolls of immolation
 H - a scroll of holy word {unknown}
Potions
 a - a potion of invisibility {unknown}
 e - 4 potions of curing
 m - a potion of mutation {unknown}
 o - 3 potions of haste {unknown}
 p - 3 potions of heal wounds
 s - a potion of degeneration {unknown}
 v - 3 potions of lignification
 x - 2 potions of berserk rage {unknown}
 z - 3 potions of attraction {unknown}
 A - 2 potions of resistance {unknown}


   Skills:
 + Level 6.5 Fighting
 + Level 3.6 Armour
 + Level 8.4 Dodging
 - Level 4.0 Stealth
 + Level 5.1 Spellcasting
 + Level 8.7 Ice Magic


You had 11 spell levels left.
You knew the following spells:

 Your Spells              Type           Power      Damage    Failure   Level
a - Freeze                Ice            100%       1d11      1%          1
b - Frozen Ramparts       Ice            64%        1d8       2%          3
c - Ozocubu's Armour      Ice            32%        N/A       2%          3

Your spell library contained the following spells:

 Spells                   Type           Power      Damage    Failure   Level
 Hailstorm                Conj/Ice       18%        3d6       50%         4
 Call Canine Familiar     Summ           4%         N/A       71%         3
 Portal Projectile        Hex/Tloc       8%         N/A       71%         3
 Leda's Liquefaction      Hex/Erth       2%         N/A       98%         4


Dungeon Overview and Level Annotations

Branches:
Dungeon (8/15)             Temple (1/1) D:5            Lair (1/6) D:8
Volcano (1/1)

Altars:
Ashenzari
Cheibriados
Dithmenos
Fedhas
Gozag
Hepliaklqana
Kikubaaqudgha
Makhleb
Nemelex Xobeh
Okawaru
Qazlal
Sif Muna
Trog
Uskayaw
Vehumet
Wu Jian
Xom
Yredelemnul
Zin
The Shining One

Shops:
D:1 [(   D:4 *


Innate Abilities, Weirdness & Mutations

((You are very nimble when in or above water. (Stealth+, EV+, Speed+++)))
Your lower body shifts to a powerful aquatic tail in water.


Message History

You see here 7 gold pieces.
Your magical contamination has completely faded away.
You now have 778 gold pieces (gained 7).
You start resting.
Magic restored.
You start resting.
HP restored.
You open the large door.
There is a large open door here.
A cyclops comes into view.
The cyclops shouts!
The cyclops throws a large rock.
The large rock hits you!!
There is a large open door here.
Casting: Frozen Ramparts (mildly dangerous; 2% risk of failure)
Confirm with . or Enter, or press ? or * to list all spells.
A film of ice covers your body!
Casting: Ozocubu's Armour (mildly dangerous; 2% risk of failure)
Confirm with . or Enter, or press ? or * to list all spells.
Casting: Frozen Ramparts (mildly dangerous; 2% risk of failure)
Press: ? - help, Dir - look around, f - activate A large open door.
The walls around you are covered in ice.
The wall freezes the cyclops.
Unknown command.
You hit the cyclops.
The cyclops is lightly wounded.
You hit the cyclops.
The cyclops is moderately wounded.
The wall freezes the cyclops!
The cyclops hits you!!
You puncture the cyclops!
The cyclops is heavily wounded.
The wall freezes the cyclops.
The cyclops hits you!!
* * * LOW HITPOINT WARNING * * *
You hit the cyclops.
The cyclops is severely wounded.
You hit the cyclops.
The cyclops is severely wounded.
The wall freezes the cyclops!
The cyclops hits you!!
You die...
Your body crumbles into a pile of gold.

####### $ $ #8...8# $
$ #.....#
..##########.....####
....C.........⌠......
............8...8....
############C....##
##@'#++## #8)....8#
#.......# #.......#
#8..∩..8# #.......#
##8.∩.8## #######


You could see a cyclops.

Vanquished Creatures
  A two-headed ogre (D:8)
  A gargoyle (Volcano)
  A yak (D:7)
  A water moccasin (D:7)
  A black bear (D:8)
  2 orc warriors
  A necrophage (D:4)
  An ogre (D:7)
  A centaur (D:7)
  3 bullfrogs
  2 wyvern zombies
  2 scorpions
  2 water moccasin skeletons
  5 wights (D:7)
  A centaur zombie (D:5)
  2 jellies
  4 hounds
  A centaur skeleton (D:7)
  A gnoll shaman (D:8)
  An orc priest (D:7)
  Natasha (thrice) (D:2)
  2 iguanas (D:7)
  An orc wizard (D:7)
  A mummy (D:5)
  8 gnolls
  4 adders
  A howler monkey skeleton (D:7)
  2 white imps
  2 ufetubi (D:5)
  An adder skeleton (D:3)
  3 worms (D:2)
  3 dart slugs
  11 orcs
  3 ball pythons
  7 bats
  4 endoplasms
  4 giant cockroaches
  7 goblins
  10 hobgoblins
  19 jackals
  5 quokkas
  4 frilled lizards
  3 hobgoblin zombies (D:5)
  8 kobolds
  A kobold zombie (D:5)
  9 rats
160 creatures vanquished.

Vanquished Creatures (others)
  10 fungi (D:8)
  16 plants (D:8)
26 creatures vanquished.

Grand Total: 186 creatures vanquished

Notes
Turn   | Place    | Note
-------+----------+-------------------------------------------
     0 | D:1      | fragbeetle the Merfolk Ice Elementalist began the quest for
                  | the Orb.
     0 | D:1      | Reached XP level 1. HP: 13/13 MP: 3/3
   193 | D:1      | Reached XP level 2. HP: 19/20 MP: 1/5
   815 | D:1      | Reached skill level 1 in Fighting
   974 | D:1      | Reached XP level 3. HP: 26/26 MP: 4/6
  1117 | D:1      | Found Quzid's Antique Weapon Boutique.
  1146 | D:1      | Found Taobrus's Armour Shoppe.
  1403 | D:2      | Noticed Natasha
  1408 | D:2      | Killed Natasha
  1409 | D:2      | Reached skill level 5 in Ice Magic
  1409 | D:2      | Reached XP level 4. HP: 15/32 MP: 3/7
  1448 | D:1      | Learned a level 3 spell: Frozen Ramparts
  1452 | D:1      | Learned a level 3 spell: Ozocubu's Armour
  1852 | D:2      | Noticed Natasha
  1858 | D:2      | Killed Natasha
  2403 | D:2      | Reached XP level 5. HP: 35/38 MP: 4/8
  2606 | D:2      | Found a faded altar of an unknown god.
  3011 | D:2      | Noticed Natasha
  3026 | D:2      | Killed Natasha
  4007 | D:3      | Reached XP level 6. HP: 39/46 MP: 9/9
  4264 | D:3      | Found an opulent altar of Gozag.
  4281 | D:3      | Became a worshipper of Gozag Ym Sagoz the Greedy
  4971 | D:4      | Noticed a necrophage
  4983 | D:4      | Killed a necrophage
  5505 | D:4      | Reached skill level 5 in Dodging
  5505 | D:4      | Reached XP level 7. HP: 41/52 MP: 8/10
  5579 | D:4      | Found Jatwiocy's Fire Supplies.
  5584 | D:4      | Bought a scroll of immolation for 45 gold pieces
  5627 | D:5      | Entered Level 5 of the Dungeon
  6404 | D:5      | Found a staircase to the Ecumenical Temple.
  6413 | Temple   | Entered the Ecumenical Temple
  7104 | D:6      | You fall into a shaft and drop 1 floor!
  7115 | D:7      | Reached skill level 1 in Armour
  7174 | D:6      | Reached XP level 8. HP: 44/60 MP: 3/12
  9005 | D:7      | Reached skill level 5 in Fighting
  9529 | D:8      | Noticed a yak
  9531 | D:8      | Noticed a two-headed ogre
  9546 | D:7      | Killed a yak
  9547 | D:7      | Reached XP level 9. HP: 52/68 MP: 6/15
 10217 | D:8      | Killed a two-headed ogre
 10488 | D:8      | Found a staircase to the Lair.
 10516 | Lair:1   | Entered Level 1 of the Lair of Beasts
 10524 | Lair:1   | Reached skill level 5 in Spellcasting
 10562 | Lair:1   | Found a dark tunnel.
 10600 | Volcano  | Entered a volcano
 10605 | Volcano  | Noticed a gargoyle
 10618 | Volcano  | Killed a gargoyle
 10884 | Volcano  | Noticed a cyclops
 10906 | Volcano  | Slain by a cyclops

Illustrated notes

Levels and vault maps discovered:
D:1:      dpeg_arrival_chambers_temple_mockup, layout_basic, serial_shops,
          nicolae_shop_crystal, nicolae_diamond_shop,
          corexii_item_surrounded_by_moat
D:2:      layout_basic, ebering_ecumenical_altar_webs, grunt_ministairs_15,
          minmay_fountain_box, uniq_natasha
D:3:      layout_loops_corners, nicolae_gozag_cash_rules_everything_around_me,
          minmay_close_crescents
D:4:      layout_loops_ring, nicolae_shop_fire_sale [nicolae_sub_dead_trees],
          minmay_crystal_room
D:5:      layout_basic, temple_hall, minmay_mini_ossuary
D:6:      layout_basic
D:7:      layout_gridville, nicolae_overflow_hidden_temple
D:8:      layout_basic, nicolae_ru_path_of_blood,
          grunt_lair_entry_orc_guard_hut, nzn_ghost_randoct, minmay_misc_feat_x,
          minmay_microvault
Temple:   mainiacjoe_temple_bowtie_tessellation
Lair:1:   layout_regular_city, nicolae_volcano_entry_s_turn
Volcano:  hellmonk_zot_springs

Skill      XL: |  1  2  3  4  5  6  7  8  9 |
---------------+----------------------------+-----
Dodging        | 3 4 5 7 8 |  8.4
Fighting       | 1 2 3 4 5 6 |  6.5
Ice Magic      | 5 6 7 8 |  8.7
Stealth        | 3 4 |  4.0
Armour         | 1 2 3 |  3.6
Spellcasting   | 3 4 5 |  5.1

Action                   |  1- 3 |  4- 6 |  7- 9 || total
-------------------------+-------+-------+-------++-------
Melee: Whip              |    15 |       |       ||    15
       Dagger            |    29 |   198 |   259 ||   486
       Short sword       |     3 |       |       ||     3
       Punch             |       |     4 |     7 ||    11
Throw: Dart              |       |     2 |     9 ||    11
       Stone             |       |     1 |       ||     1
 Cast: Freeze            |    22 |    12 |     6 ||    40
       Ozocubu's Armour  |       |     8 |    21 ||    29
       Frozen Ramparts   |       |     9 |    27 ||    36
  Use: Scroll            |       |       |     7 ||     7
       Potion            |       |       |     2 ||     2
 Stab: Sleeping          |     2 |    12 |     2 ||    16
Armor: Robe              |    11 |    28 |       ||    39
       Ring mail         |       |       |   107 ||   107
Dodge: Dodged            |    24 |   122 |   157 ||   303

Table legend: (Time is in decaauts)
 A = Elapsed time spent in this place.
 B = Non-inter-level travel time spent in this place.
 C = Inter-level travel time spent in this place.
 D = Time resting spent in this place.
 E = Time spent auto-exploring this place.
 F = Levels seen in this place.
 G = Mean time per level.
                   A        B        C        D        E       F      G
               +--------+--------+--------+--------+--------+-----+--------+
         Total |  10906 |  10677 |    229 |   2614 |   5565 |  11 |  991.5 |
       Dungeon |  10270 |  10041 |    229 |   2328 |   5379 |   8 | 1283.8 |
        Temple |    247 |    247 |      0 |      0 |    186 |   1 |  247.0 |
          Lair |     83 |     83 |      0 |     32 |      0 |   1 |   83.0 |
       Volcano |    305 |    305 |      0 |    254 |      0 |   1 |  305.0 |
               +--------+--------+--------+--------+--------+-----+--------+

Top non-repeatable levels by time:
     D:2: 2041 daAuts
     D:7: 1989 daAuts
     D:1: 1583 daAuts
     D:3: 1066 daAuts
     D:5: 959 daAuts
     D:4: 935 daAuts
     D:6: 923 daAuts
     D:8: 770 daAuts
 Volcano: 305 daAuts
  Temple: 247 daAuts
  Lair:1: 83 daAuts
